 Dungeon Crawl Stone Soup version 0.25.1-2-g60ff931df9 (webtiles) character file.

Game seed: 17126019544865602748

11389 Luthien the Thaumaturge (level 11, -1/66 HPs)
             Began as a Deep Elf Conjurer on Sept 10, 2020.
             Was an Elder of Vehumet.
             Killed from afar by Fannar (18 damage)
             ... with a bolt of cold
             ... on level 10 of the Dungeon.
             The game lasted 00:57:11 (16218 turns).

Luthien the Thaumaturge (Deep Elf Conjurer)        Turns: 16218, Time: 00:57:12

Health: -1/66      AC:  8    Str: 11    XL:     11   Next: 48%
Magic:  9/27       EV: 14    Int: 24    God:    Vehumet [****..]
Gold:   851        SH:  5    Dex: 18    Spells: 19/31 levels left

rFire    . . .     SeeInvis +   a - staff of conjuration (curse)
rCold    . . .     Gourm    .   P - +0 buckler (curse)
rNeg     . . .     Faith    .   X - +1 ring mail of Defiance {MR++ Str+6}
rPois    .         Spirit   .   K - +0 helmet
rElec    .         Reflect  .   (no cloak)
rCorr    .         Harm     .   i - +0 pair of gloves
MR       ++++.                  (no boots)
Stlth    +++.......             (no amulet)
HPRegen  0.21/turn              l - ring of see invisible
MPRegen  0.20/turn              F - ring of Unajikan {MR+ Dex+3}

@: no status effects
A: no striking features
a: Renounce Religion


You were on level 10 of the Dungeon.
You worshipped Vehumet.
Vehumet was greatly pleased with you.
You were hungry.

You visited 2 branches of the dungeon, and saw 12 of its levels.

You collected 851 gold pieces.

Inventory:

Hand Weapons
 m - a +3 dagger
 n - a +4 trident
 p - a +0 shortbow
 C - a +0 shortbow
 H - a +0 spear
 I - a cursed +5 long sword
 W - a cursed +4 spear of freezing
Missiles
 f - 221 stones (quivered)
 q - 46 bolts
 r - 41 poisoned darts
 G - 25 boomerangs
 J - 242 arrows
 L - 43 sling bullets
Armour
 i - a +0 pair of gloves (worn)
 K - a +0 helmet (worn)
 M - a +0 leather armour
 O - a +0 robe
 P - a cursed +0 buckler (worn)
 X - the +1 ring mail of Defiance (worn) {MR++ Str+6}
   (You took it off a wight on level 8 of the Dungeon)

   It affects your strength (+6).
   It affects your resistance to hostile enchantments.
Magical Staves
 a - a cursed staff of conjuration (weapon)
Jewellery
 k - an uncursed ring of positive energy
 l - a ring of see invisible (left hand)
 D - an uncursed ring of ice
 F - the ring of Unajikan (right hand) {MR+ Dex+3}
   (You found it on level 10 of the Dungeon)

   [ring of protection from magic]

   It affects your dexterity (+3).
   It affects your resistance to hostile enchantments.
Wands
 B - a wand of clouds (5)
 Q - a wand of paralysis (8)
 S - a wand of random effects (25)
Scrolls
 j - 2 scrolls of random uselessness {unknown}
 t - 2 scrolls of enchant armour {unknown}
 u - 2 scrolls of magic mapping
 x - 4 scrolls of teleportation {unknown}
 y - 2 scrolls of fear {unknown}
 z - a scroll of amnesia
 A - 2 scrolls of remove curse
 E - 3 scrolls of immolation
 T - a scroll of fog
 Z - 2 scrolls of enchant weapon {unknown}
Potions
 b - a potion of might
 d - 2 potions of resistance
 e - 2 potions of flight
 g - a potion of lignification
 h - 5 potions of curing
 o - a potion of heal wounds
 s - a potion of ambrosia
 v - 3 potions of haste
 w - a potion of brilliance
 Y - a potion of cancellation
Comestibles
 c - 14 rations


   Skills:
 + Level 6.4 Fighting
 - Level 6.0 Dodging
 - Level 7.0 Stealth
 - Level 4.0 Shields
 + Level 10.7 Spellcasting
 + Level 9.8 Conjurations
 - Level 6.0 Hexes
 - Level 4.0 Translocations
 * Level 7.0 Fire Magic


You had 19 spell levels left.
You knew the following spells:

 Your Spells              Type           Power        Failure   Level  Hunger
a - Magic Dart            Conj           ####         1%          1    None
b - Searing Ray           Conj           ######       1%          2    None
i - Iskenderun's Mystic   Conj/Tloc      ######..     1%          4    None
p - Fulminant Prism       Conj/Hex       ######....   1%          4    None
A - Foxfire               Conj/Fire      ####         1%          1    None

Your spell library contained the following spells:

 Spells                   Type           Power        Failure   Level  Hunger
 Lightning Bolt           Conj/Air       ######....   12%         5    ####...
 Dazzling Flash           Conj/Hex       ######       1%          3    None
 Animate Skeleton         Necr           N/A          12%         1    None
 Beastly Appendage        Tmut           ##....       12%         1    None
 Pain                     Necr           ##..         12%         1    None
 Sticks to Snakes         Tmut           ##......     19%         2    None
 Spider Form              Tmut/Pois      ##........   34%         3    None
 Vampiric Draining        Necr           ##........   34%         3    None
 Animate Dead             Necr           N/A          75%         4    None
 Ice Form                 Ice/Tmut       ##......     75%         4    None
 Agony                    Necr           ##......     97%         5    ####...
 Blade Hands              Tmut           ##........   97%         5    ####...
 Malign Gateway           Summ/Tloc      ###.......   100%        7    #######
 Monstrous Menagerie      Summ           ##........   100%        7    #######
 Summon Greater Demon     Summ           ##........   100%        7    #######
 Summon Horrible Things   Summ           ##........   100%        8    #######


Dungeon Overview and Level Annotations

Branches:
Dungeon (11/15)            Temple (1/1) D:5            Lair (0/6) D:9
    Orc: D:9-12

Altars:
Cheibriados
Elyvilon
Fedhas
Gozag
Makhleb
Nemelex Xobeh
Okawaru
Ru
Sif Muna
Trog
Vehumet
The Shining One

Shops:
D:9 :

Annotations:
D:8 3 runed translucent doors, sankara's ghost, novice MfTm
D:10 exclusions: ice statue and orange crystal statue, Fannar; Josephine


Message History

The bolt of cold hits your fulminant prism!
Your fulminant prism resists.
The bolt of cold hits you!!
* * * LOW HITPOINT WARNING * * *
Josephine laughs insanely.
Your fulminant prism explodes!
The blast of energy engulfs Fannar!
Fannar is almost dead.
The blast of energy engulfs Josephine!!
Josephine is almost dead.
Casting: Fulminant Prism (dangerous; 1% risk of failure)
Confirm with . or Enter, or press ? or * to list all spells.
Aiming: Fulminant Prism (dangerous; 1% risk of failure)
Press: ? - help, Dir - move target cursor You feel a surge of power!
You conjure a prism of explosive energy!
A fulminant prism comes into view.
Fannar gestures at you while chanting. The bolt of cold hits you!!
You die...

#.# #.# #.# #.# #.#
#.# #.#
#.################
##.#
#................##
...######
#..#########.###..#
........# #..#
#.####.###
##..###.####..#####
#.##.....#
##.#.##.##......@*#
#.##.#.###
#.###.#.##.##.###.#
#.##.._..## .##
##........# #.#
#.####.#.#.
#.###.......### #.#
#.##.....##
##.#.###.....# #e#
#.####.#### ##..##
##..... #@#####.#
#.#.## ...## ##....
#.......####...##
.รท##?.8..##..8
##..<..........##
##.##...[.##..
##.#.#######..##


You could see Fannar (icy armour), Josephine and a friendly fulminant prism.

Vanquished Creatures
  A two-headed ogre (D:8)
  A merfolk (D:10)
  2 trolls (D:9)
  A hornet (D:11)
  4 hippogriffs
  A spriggan (D:10)
  13 yaks (D:10)
  3 wraiths (D:10)
  2 hungry ghosts (D:9)
  A soldier ant (D:10)
  Duvessa (D:6)
  5 ice beasts
  An orc warrior (D:10)
  2 necrophages
  A black bear (D:8)
  3 sky beasts
  An eye of draining (D:9)
  4 ogres
  5 wolves (D:9)
  8 centaurs
  2 crocodiles
  A gnoll sergeant (D:8)
  3 bullfrogs
  Dowan (D:6)
  A scorpion (D:10)
  A wyvern skeleton (D:10)
  A water moccasin skeleton (D:8)
  12 killer bees
  19 wights
  3 electric eels (D:9)
  6 crimson imps
  2 bullfrog zombies
  2 centaur zombies
  10 hounds
  A centaur skeleton (D:7)
  A gnoll shaman (D:6)
  9 orc priests
  4 orc wizards
  2 bullfrog skeletons
  An iron imp (D:6)
  7 iguanas
  5 worker ants
  A killer bee zombie (D:7)
  A hound skeleton (D:8)
  A howler monkey zombie (D:6)
  A worker ant zombie (D:8)
  4 gnolls
  9 adders
  2 shadow imps (D:5)
  2 oozes
  2 adder zombies
  4 adder skeletons
  A worm (D:2)
  A dart slug (D:3)
  3 leopard geckos
  28 orcs
  3 bats
  6 giant cockroaches
  7 goblins
  4 hobgoblins
  7 kobolds
  3 frilled lizards
  A giant cockroach zombie (D:5)
  A hobgoblin zombie (D:8)
  A jackal skeleton (D:5)
  A leopard gecko skeleton (D:6)
  A quokka skeleton (D:4)
  4 rats (D:1)
253 creatures vanquished.

Vanquished Creatures (others)
  73 fulminant prisms
  3 plants (D:8)
76 creatures vanquished.

Grand Total: 329 creatures vanquished

Notes
Turn   | Place    | Note
-------+----------+-------------------------------------------
     0 | D:1      | Luthien the Deep Elf Conjurer began the quest for the Orb.
     0 | D:1      | Reached XP level 1. HP: 10/10 MP: 6/6
   473 | D:1      | Reached XP level 2. HP: 15/15 MP: 6/8
   478 | D:1      | Learned a level 2 spell: Searing Ray
  1474 | D:2      | Noticed a wight
  1480 | D:2      | Killed a wight
  1480 | D:2      | Reached skill level 1 in Fighting
  1480 | D:2      | Reached skill level 4 in Spellcasting
  1480 | D:2      | Reached XP level 3. HP: 20/20 MP: 2/10
  1480 | D:2      | Reached XP level 4. HP: 25/25 MP: 2/12
  1589 | D:2      | Reached skill level 5 in Conjurations
  1820 | D:2      | Reached XP level 5. HP: 30/30 MP: 5/14
  1897 | D:2      | Reached skill level 5 in Spellcasting
  2527 | D:2      | Found a sacrificial altar of Ru.
  2998 | D:3      | Found a blossoming altar of Fedhas.
  3777 | D:4      | Noticed an ogre
  3780 | D:4      | Killed an ogre
  3780 | D:4      | Reached XP level 6. HP: 36/36 MP: 11/16
  3872 | D:4      | Reached skill level 6 in Spellcasting
  4612 | D:5      | Entered Level 5 of the Dungeon
  4640 | D:5      | Reached XP level 7. HP: 26/41 MP: 7/18
  5326 | D:5      | Reached skill level 7 in Spellcasting
  5561 | D:5      | Learned a level 4 spell: Fulminant Prism
  5566 | D:5      | Learned a level 4 spell: Iskenderun's Mystic Blast
  5606 | D:5      | Found a staircase to the Ecumenical Temple.
  5665 | Temple   | Entered the Ecumenical Temple
  5684 | Temple   | Became a worshipper of Vehumet
  5702 | D:5      | Reached skill level 1 in Hexes
  6754 | D:6      | Reached skill level 5 in Hexes
  6754 | D:6      | Reached XP level 8. HP: 47/47 MP: 12/20
  6892 | D:6      | Reached skill level 1 in Translocations
  6893 | D:6      | Noticed Duvessa
  6896 | D:6      | Noticed Dowan
  7333 | D:6      | Reached * piety under Vehumet
  7333 | D:6      | Offered knowledge of Sandblast by Vehumet.
  8002 | D:6      | Killed Duvessa
  8007 | D:6      | Killed Dowan
  8405 | D:6      | Reached skill level 8 in Spellcasting
  9212 | D:6      | Reached XP level 9. HP: 52/52 MP: 19/23
  9250 | D:6      | Found a snail-covered altar of Cheibriados.
  9705 | D:7      | Reached skill level 1 in Shields
  9816 | D:7      | Got a steaming battleaxe
 10714 | D:8      | Noticed a two-headed ogre
 10723 | D:8      | Found a sand-covered staircase.
 10736 | D:8      | Killed a two-headed ogre
 10736 | D:8      | Reached skill level 5 in Fighting
 10736 | D:8      | Reached skill level 9 in Spellcasting
 10928 | D:8      | Identified the +1 ring mail of Defiance {MR++ Str+6}
 10934 | D:8      | Reached XP level 10. HP: 51/59 MP: 12/25
 10987 | D:8      | Offered knowledge of Foxfire by Vehumet.
 10990 | D:8      | Learned a level 1 spell: Foxfire
 11004 | D:8      | Reached ** piety under Vehumet
 11191 | D:8      | Reached skill level 1 in Fire Magic
 11233 | D:8      | Reached skill level 5 in Stealth
 11302 | D:8      | Found a white marble altar of Elyvilon.
 11395 | D:8      | Found a runed translucent gate.
 11395 | D:8      | Found a runed translucent gate.
 11396 | D:8      | Found a runed translucent gate.
 11539 | D:8      | Noticed an 11-headed hydra
 11540 | D:8      | Noticed sankara's ghost (novice MfTm)
 12204 | D:9      | Reached skill level 5 in Dodging
 12310 | D:9      | Found an iron altar of Okawaru.
 13009 | D:9      | Found Vyecid's Book Shoppe.
 13140 | D:9      | Offered knowledge of Frozen Ramparts by Vehumet.
 13201 | D:9      | Reached *** piety under Vehumet
 13637 | D:9      | Reached skill level 10 in Spellcasting
 13993 | D:9      | Found a staircase to the Lair.
 14435 | D:10     | Entered Level 10 of the Dungeon
 14473 | D:10     | Noticed an orange crystal statue
 14548 | D:10     | Reached skill level 5 in Fire Magic
 14555 | D:10     | Reached XP level 11. HP: 63/64 MP: 18/27
 14560 | D:10     | Offered knowledge of Ignite Poison by Vehumet.
 15218 | D:10     | Reached **** piety under Vehumet
 15227 | D:10     | Offered knowledge of Lightning Bolt by Vehumet.
 15416 | D:10     | Got a warped golden ring
 15418 | D:10     | Identified the ring of Unajikan {MR+ Dex+3} (You found it
                  | on level 10 of the Dungeon)
 15442 | D:10     | Found an opulent altar of Gozag.
 15633 | D:10     | Noticed Josephine
 16009 | D:11     | Noticed a death knight
 16080 | D:10     | Noticed Fannar
 16218 | D:10     | Killed from afar by Fannar

Illustrated notes

Levels and vault maps discovered:
D:1:      evilmike_arrival_crescent, layout_loops_corners
D:2:      layout_basic, nicolae_ru_the_path_less_chosen
D:3:      layout_basic, fedhas_ov_isle_minmay
D:4:      layout_gridville
D:5:      layout_basic, minmay_temple_entry_antechambers, first_ration
D:6:      layout_layer_cave, chei_slow_surprise, uniq_duvessa
D:7:      layout_basic
D:8:      minmay_razor_zed, layout_cave_pools, enter_ossuary_3,
          gammafunk_ghost_hydra_chop, elyvilon_altar_5
D:9:      layout_loops_corners, okawaru_altar_gauntlet_db, erik_lair_island,
          serial_shops, shop_coins, eino_jars
D:10:     minmay_separated_statues, layout_loops_ring, hangedman_stone_soup,
          nicolae_gozag_cash_rules_everything_around_me, uniq_josephine,
          uniq_fannar
D:11:     minmay_clustersquares, layout_loops_ring, uniq_erolcha
Temple:   nicolae_temple_the_god_donut

Skill      XL: |  1  2  3  4  5  6  7  8  9 10 11 |
---------------+----------------------------------+-----
Stealth        | 3 4 6 7 |  7.0
Fighting       | 1 2 3 4 5 6 |  6.4
Spellcasting   | 4 5 6 7 8 9 10 | 10.7
Conjurations   | 5 6 7 8 9 |  9.8
Hexes          | 5 6 |  6.0
Translocations | 4 |  4.0
Shields        | 4 |  4.0
Dodging        | 4 6 |  6.0
Fire Magic     | 5 7 |  7.0

Action                   |  1- 3 |  4- 6 |  7- 9 | 10-12 || total
-------------------------+-------+-------+-------+-------++-------
Melee: Trident           |       |       |     2 |     3 ||     5
       Staff             |       |       |       |     2 ||     2
 Cast: Magic Dart        |    37 |    57 |    71 |    67 ||   232
       Searing Ray       |     2 |    13 |    72 |    78 ||   165
       Fulminant Prism   |       |       |    15 |    59 ||    74
Evoke: Wand              |       |       |     1 |       ||     1
  Use: Scroll            |       |       |    14 |     4 ||    18
  Eat: Chunk             |     2 |     8 |    14 |    16 ||    40
       Ration            |       |       |     2 |       ||     2
Armor: Robe              |       |       |    10 |     1 ||    11
       Ring mail         |       |       |       |    17 ||    17
Dodge: Dodged            |     1 |     6 |    57 |    55 ||   119
Block: Buckler           |       |       |     2 |    16 ||    18
